 Dungeon Crawl Stone Soup version 0.30-a0-900-g23479c02f2 (webtiles) character file.

Game seed: 10090320013084333742

40 Jeffwins the Sneak (level 3, -5/29 HPs)
             Began as a Human Wanderer on Mar 19, 2023.
             Slain by Sigmund
             ... wielding a +0 heavy scythe
              (22 damage)
             ... on level 2 of the Dungeon.
             The game lasted 00:02:02 (1719 turns).

Jeffwins the Sneak (Human Wanderer)                 Turns: 1719, Time: 00:02:03

Health: -5/29      AC:  2    Str: 10    XL:     3   Next: 72%
Magic:  4/6        EV: 11    Int: 16    God:
Gold:   55         SH:  0    Dex: 12    Spells: 6/7 levels left

rFire   . . .      SeeInvis .    f - +2 short sword (speed)
rCold   . . .      Faith    .    (no shield)
rNeg    . . .      Spirit   .    d - +0 robe
rPois   .          Reflect  .    (no helmet)
rElec   .          Rampage  .    (no cloak)
rCorr   .                        (no gloves)
Will    .....                    (no boots)
Stlth   +                        (no amulet)
HPRegen 0.24/turn                (no ring)
MPRegen 0.10/turn                (no ring)

@: confused, very slow
A: no striking features
a: no special abilities


You were on level 2 of the Dungeon.
You visited 1 branch of the dungeon, and saw 2 of its levels.

You collected 55 gold pieces.


   Skills:
 - Level 3.0 Fighting
 + Level 4.1 Stealth
 * Level 2.5 Spellcasting
 * Level 1.3 Conjurations
 * Level 2.0 Fire Magic


You had 6 spell levels left.
You knew the following spells:

 Your Spells              Type           Power      Damage    Failure   Level
z - Foxfire               Conj/Fire      28%        2x1d5     10%         1

Your spell library contained the following spells:

 Spells                   Type           Power      Damage    Failure   Level
 Kindle Blastsparks       Fire/Tloc/Air  8%         2d10      41%         3

Inventory:

Hand Weapons
 a - a +3 dagger
 f - a +2 short sword of speed (weapon)
Missiles
 e - 4 poisoned darts
Armour
 d - a +0 robe (worn)
Scrolls
 b - a scroll of blinking
 c - a scroll of amnesia {unknown}
 j - a scroll of enchant weapon {unknown}
 k - 3 scrolls of identify {unknown}
 l - a scroll of magic mapping {unknown}
 m - a scroll of torment {unknown}
 n - a scroll of noise {unknown}
 o - a scroll of immolation {unknown}
Potions
 g - a potion of degeneration {unknown}
 h - a potion of flight {unknown}
 i - a potion of brilliance {unknown}

Dungeon Overview and Level Annotations

Branches:
Dungeon (2/15)

Altars:

Annotations:
D:2 Sigmund

#.......####.##.#.######.#
####.##.##.)..[....#
#...#.##.#......##
#...#.##.#..###.# #...#.......#
#.# #...░░+░░░#.###.#
#...░~.~~░......## ######
...#####...░~...'...#...###.....
...........'...@░#.......##.....
...........░~~.~░#..#...........
...........░░░'░░#.###.####.....
...#####...#...###.# #.# #.....
.. #..........>.# #.# ###### #
#.....######## #.# #.....# #.#
####### ##...## #.###...... ####
#...# ##..........


There were no monsters in sight!


Message History

Sigmund mumbles some strange words.
Sigmund flickers and vanishes!
Deactivating autopickup; reactivate with Ctrl-A.
There is an open door here.
You enter the shallow water.
Moving in this stuff is going to be slow.
Your magical contamination has completely faded away.
You enter the shallow water.
Moving in this stuff is going to be slow.
A puff of flame appears from out of thin air!
The puff of flame hits you.
Casting: Foxfire (safe; 10% risk of failure)
Confirm with . or Enter, or press ? or * to list all spells.
You conjure some foxfire!
You are engulfed in a cloud of scalding steam.
Your foxfire dissipates!
The foxfire hits something.
You hear some strange, mumbled words.
You are confused.
There is an open door here.
You're too confused to move!
You enter the shallow water.
Moving in this stuff is going to be slow.
Something hits you!
Unknown command.
You bump into the crystal wall.
Unknown command.
Something hits you!!
Ouch! That really hurt!
You die...

Skill      XL: |  1  2  3 |
---------------+----------+-----
Conjurations   | 1 |  1.3
Fire Magic     | 2 |  2.0
Fighting       | |  3.0
Stealth        | |  4.1
Spellcasting   | |  2.5

Action                     || total
---------------------------++-------
  Melee: Short sword       ||    13
   Cast: Foxfire           ||    70
    Use: Potion            ||     1
   Stab: Sleeping          ||     1
 Armour: Robe              ||     5
  Dodge: Dodged            ||    10

Levels and vault maps discovered:
D:1:      kennysheep_arrival_forest, layout_basic, serial_glass,
          glass_columns_a, glass_columns_a, glass_columns_c, glass_columns_a,
          glass_columns_b, glass_columns_c, glass_columns_c, glass_columns_a,
          hangedman_decor_diamond_cutter
D:2:      layout_loops_cross, hangedman_glass_teeth, kennysheep_generic_room_14,
          uniq_sigmund

Notes
Turn   | Place    | Note
-------+----------+-------------------------------------------
     0 | D:1      | Jeffwins the Human Wanderer began the quest for the Orb.
     0 | D:1      | Jeffwins set off with the following items: a +3 dagger, a
                  | scroll of blinking, a potion of invisibility, a +0 robe;
                  | and the following spell memorised: Foxfire; and the
                  | following spells available to memorise: Kindle Blastsparks.
     0 | D:1      | Reached XP level 1. HP: 18/18 MP: 3/3
   297 | D:1      | Reached XP level 2. HP: 24/24 MP: 1/5
   718 | D:1      | Reached skill level 1 in Conjurations
   748 | D:1      | You fall into a shaft and drop 1 floor!
   890 | D:1      | Reached XP level 3. HP: 29/29 MP: 6/6
  1291 | D:2      | Noticed Sigmund
  1471 | D:2      | Reached skill level 2 in Fire Magic
  1719 | D:2      | Slain by Sigmund

Vanquished Creatures
  A gnoll (D:2)
  A dart slug (D:1)
  2 endoplasms
  2 giant cockroaches (D:1)
  2 goblins
  A hobgoblin (D:2)
  3 quokkas
  A ball python (D:2)
  4 bats
  2 frilled lizards
  4 kobolds
  4 rats
27 creatures vanquished.

Vanquished Creatures (others)
  115 foxfires
115 creatures vanquished.

Grand Total: 142 creatures vanquished

Table legend: (Time is in decaauts)
 A = Elapsed time spent in this place.
 B = Non-inter-level travel time spent in this place.
 C = Inter-level travel time spent in this place.
 D = Time resting spent in this place.
 E = Time spent auto-exploring this place.
 F = Levels seen in this place.
 G = Mean time per level.
                   A        B        C        D        E       F      G
               +--------+--------+--------+--------+--------+-----+--------+
         Total |   1715 |   1674 |     41 |     76 |   1324 |   2 |  857.5 |
       Dungeon |   1715 |   1674 |     41 |     76 |   1324 |   2 |  857.5 |
               +--------+--------+--------+--------+--------+-----+--------+

Top non-repeatable levels by time:
     D:1: 1133 daAuts
     D:2: 581 daAuts

Table legend:
 A = Non-vault XP
 B = Vault XP
 C = Vault XP percentage of total XP
 D = Non-vault monster count
 E = Vault monster count
 F = Vault count percentage of total count
                 A         B        C        D         E       F
            +---------+---------+-------+---------+---------+-------
      Total |      56 |       2 |   3.4 |      26 |       1 |   3.7
            +---------+---------+-------+---------+---------+-------
        D:1 |      25 |       0 |   0.0 |      15 |       0 |   0.0
        D:2 |      31 |       2 |   6.1 |      11 |       1 |   8.3
            +---------+---------+-------+---------+---------+-------
